[ AOE2 MATCH · #506025751 ]
UnrankedMagyars vs Turks
[ REPLAY ANALYSIS · EXTRACTED FROM THE RECORDED GAME ]
Feudal
11:51
Castle
—
Imperial
—
| APM avg | 56.2 |
| APM peak | 98 |
| eAPM avg | 31.8 |
| Villagers / military | 72 / 13 |
Focus
⚔️ 12.2% · 🌾 87.8%
Scout Cavalry ×12 · Spearman ×1
Feudal
12:17
Castle
21:28
Imperial
—
| APM avg | 46.9 |
| APM peak | 102 |
| eAPM avg | 23.0 |
| Villagers / military | 94 / 36 |
Focus
⚔️ 39.0% · 🌾 61.0%
Mangudai ×26 · Scout Cavalry ×9 · Spearman ×1
Feudal
13:28
Castle
16:58
Imperial
—
| APM avg | 59.2 |
| APM peak | 103 |
| eAPM avg | 17.1 |
| Villagers / military | 45 / 61 |
Focus
⚔️ 39.9% · 🌾 60.1%
Cavalry Archer ×60 · Archer ×1
Feudal
13:48
Castle
20:10
Imperial
—
| APM avg | 29.0 |
| APM peak | 59 |
| eAPM avg | 19.4 |
| Villagers / military | 136 / 9 |
Focus
⚔️ 23.3% · 🌾 76.7%
Scorpion ×6 · Battering Ram ×3
Feudal
—
Castle
—
Imperial
—
| APM avg | 24.0 |
| APM peak | 135 |
| eAPM avg | 6.9 |
| Villagers / military | 32 / 0 |
Focus
⚔️ 12.3% · 🌾 87.7%
Feudal
—
Castle
—
Imperial
—
| APM avg | 10.4 |
| APM peak | 52 |
| eAPM avg | 6.4 |
| Villagers / military | 33 / 0 |
Focus
⚔️ 21.2% · 🌾 78.8%
Feudal
11:10
Castle
23:02
Imperial
34:57
| APM avg | 35.4 |
| APM peak | 99 |
| eAPM avg | 21.8 |
| Villagers / military | 174 / 19 |
Focus
⚔️ 26.6% · 🌾 73.4%
Scout Cavalry ×12 · Scorpion ×7
Feudal
12:41
Castle
17:01
Imperial
—
| APM avg | 25.1 |
| APM peak | 75 |
| eAPM avg | 11.7 |
| Villagers / military | 47 / 7 |
Focus
⚔️ 25.1% · 🌾 74.9%
Magyar Huszar ×7
Match map
Initial resources + every placement click. Lines = walls · curves = elevation contours. ◆ gold · ⬟ stone · ● berries · ✦ relic · ◌ wall gap
Your base· Open — 4t gap
tigerdownhill_'s base· Open — 6t gap
tsoul's base· Open — unwalled flank
_'s base· Open — unwalled flank
Rojo, el camionero.'s base· Open — unwalled flank
祈求好运's base· Open — 11t gap
DKDFCD's base· Open — unwalled flank
昙花生's base· Open — 12t gap
Smoothed initial terrain · ◌ = detected wall gap · hover for details
Inputs per minute
— Bohe - - tigerdownhill_
Build order — Bohe
147 actions detected in the replay
| 0:03 | Build | Town Center |
| 2:35 | Queue | Villager (Male) |
| 2:37 | Build | House |
| 2:39 | Queue | Villager (Male) |
| 2:53 | Queue | Villager (Male) |
| 3:03 | Queue | Villager (Male) |
| 3:03 | Queue | Villager (Male) |
| 3:29 | Build | House |
| 3:40 | Build | House |
| 3:50 | Build | House |
| 4:08 | Queue | Villager (Male) |
| 4:08 | Queue | Villager (Male) |
| 4:25 | Queue | Villager (Male) |
| 4:25 | Queue | Villager (Male) |
| 4:34 | Build | House |
| 4:56 | Build | Lumber Camp |
| 5:01 | Queue | Villager (Male) |
| 5:01 | Queue | Villager (Male) |
| 5:01 | Queue | Villager (Male) |
| 5:02 | Build | House |
| 5:08 | Build | House |
| 5:18 | Build | House |
| 5:21 | Queue | Villager (Male) |
| 5:22 | Queue | Villager (Male) |
| 5:54 | Queue | Villager (Male) |
| 6:10 | Queue | Villager (Male) |
| 6:10 | Queue | Villager (Male) |
| 6:26 | Queue | Villager (Male) |
| 6:26 | Queue | Villager (Male) |
| 6:28 | Build | House |
| 6:35 | Build | House |
| 6:49 | Queue | Villager (Male) |
| 7:27 | Queue | Villager (Male) |
| 7:32 | Queue | Villager (Male) |
| 7:48 | Queue | Villager (Male) |
| 8:09 | Research | Loom |
| 8:19 | Build | Mill |
| 9:00 | Queue | Villager (Male) |
| 9:41 | Research | Feudal Age |
| 9:41 | Research | Feudal Age |
| 10:01 | Build | House |
| 10:18 | Queue | Villager (Male) |
| 10:50 | Build | Barracks |
| 10:58 | Queue | Villager (Male) |
| 11:51 | Age | Feudal Age |
| 12:26 | Build | Stable |
| 12:29 | Queue | Villager (Male) |
| 12:51 | Build | House |
| 13:04 | Queue | Scout Cavalry |
| 13:04 | Queue | Scout Cavalry |
| 13:07 | Build | House |
| 13:13 | Build | Palisade Wall |
| 13:18 | Queue | Spearman |
| 13:23 | Build | House |
| 13:45 | Queue | Scout Cavalry |
| 14:06 | Queue | Scout Cavalry |
| 14:52 | Queue | Scout Cavalry |
| 15:30 | Build | Town Center |
| 15:51 | Queue | Scout Cavalry |
| 15:52 | Queue | Scout Cavalry |
| 16:18 | Build | House |
| 16:52 | Queue | Scout Cavalry |
| 16:52 | Queue | Scout Cavalry |
| 16:52 | Queue | Scout Cavalry |
| 16:53 | Build | House |
| 16:58 | Build | Farm |
| 17:20 | Queue | Villager (Male) |
| 17:20 | Queue | Villager (Male) |
| 17:20 | Queue | Villager (Male) |
| 17:25 | Build | House |
| 17:41 | Queue | Villager (Male) |
| 17:41 | Queue | Villager (Male) |
| 17:45 | Build | Farm |
| 17:51 | Queue | Villager (Male) |
| 17:51 | Queue | Villager (Male) |
| 17:54 | Build | House |
| 18:01 | Build | Farm |
| 18:19 | Build | Farm |
| 18:30 | Build | Farm |
| 18:42 | Queue | Scout Cavalry |
| 18:42 | Queue | Villager (Male) |
| 18:44 | Build | Blacksmith |
| 18:55 | Queue | Scout Cavalry |
| 19:08 | Queue | Villager (Male) |
| 19:11 | Build | House |
| 19:31 | Research | Scale Barding Armor |
| 19:32 | Research | Scale Barding Armor |
| 19:45 | Queue | Villager (Male) |
| 19:45 | Queue | Villager (Male) |
| 19:53 | Queue | Villager (Male) |
| 19:53 | Queue | Villager (Male) |
| 20:02 | Queue | Villager (Male) |
| 20:03 | Queue | Villager (Male) |
| 20:52 | Queue | Villager (Male) |
| 20:54 | Build | Farm |
| 20:55 | Queue | Villager (Male) |
| 21:41 | Queue | Villager (Male) |
| 22:11 | Queue | Villager (Male) |
| 22:29 | Queue | Villager (Male) |
| 22:44 | Queue | Villager (Male) |
| 23:14 | Build | Lumber Camp |
| 23:21 | Queue | Villager (Male) |
| 23:48 | Queue | Villager (Male) |
| 24:06 | Queue | Villager (Male) |
| 24:26 | Queue | Villager (Male) |
| 24:57 | Queue | Villager (Male) |
| 25:03 | Research | Double-Bit Axe |
| 25:03 | Research | Double-Bit Axe |
| 25:18 | Queue | Villager (Male) |
| 25:48 | Build | Mining Camp |
| 25:50 | Queue | Villager (Male) |
| 26:31 | Queue | Villager (Male) |
| 27:27 | Queue | Villager (Male) |
| 27:30 | Build | Farm |
| 27:31 | Build | Farm |
| 27:31 | Queue | Villager (Male) |
| 28:13 | Queue | Villager (Male) |
| 28:25 | Queue | Villager (Male) |
| 28:54 | Build | Mill |
| 29:01 | Build | Farm |
| 29:01 | Build | Farm |
| 29:03 | Build | Farm |
| 29:12 | Queue | Villager (Male) |
| 29:35 | Queue | Villager (Male) |
| 29:41 | Build | Farm |
| 29:48 | Build | Farm |
| 29:53 | Build | Farm |
| 30:23 | Queue | Villager (Male) |
| 30:24 | Queue | Villager (Male) |
| 31:31 | Queue | Villager (Male) |
| 31:37 | Queue | Villager (Male) |
| 31:51 | Queue | Villager (Male) |
| 31:54 | Build | Market |
| 32:12 | Queue | Villager (Male) |
| 32:53 | Queue | Villager (Male) |
| 32:58 | Build | Farm |
| 33:00 | Build | Watch Tower |
| 33:21 | Research | Fletching |
| 33:21 | Research | Fletching |
| 33:22 | Research | Fletching |
| 33:23 | Queue | Villager (Male) |
| 33:44 | Queue | Villager (Male) |
| 34:10 | Build | House |
| 34:11 | Build | House |
| 34:14 | Queue | Villager (Male) |
| 34:56 | Research | Castle Age |
| 34:56 | Research | Castle Age |
Build order — tigerdownhill_
First 150 of 250 actions detected
| 0:31 | Build | Town Center |
| 2:46 | Queue | Villager (Male) |
| 2:46 | Queue | Villager (Male) |
| 2:46 | Queue | Villager (Male) |
| 2:59 | Queue | Villager (Male) |
| 2:59 | Queue | Villager (Male) |
| 3:32 | Build | House |
| 3:36 | Research | Loom |
| 3:36 | Queue | Villager (Male) |
| 3:37 | Queue | Villager (Male) |
| 3:37 | Queue | Villager (Male) |
| 4:28 | Queue | Villager (Male) |
| 4:28 | Queue | Villager (Male) |
| 4:28 | Queue | Villager (Male) |
| 4:55 | Queue | Villager (Male) |
| 5:11 | Build | House |
| 5:13 | Queue | Villager (Male) |
| 5:13 | Queue | Villager (Male) |
| 5:13 | Queue | Villager (Male) |
| 5:56 | Queue | Villager (Male) |
| 6:03 | Build | House |
| 6:10 | Queue | Villager (Male) |
| 6:11 | Queue | Villager (Male) |
| 6:22 | Build | House |
| 6:39 | Queue | Villager (Male) |
| 7:53 | Queue | Villager (Male) |
| 8:07 | Build | House |
| 8:23 | Build | Mill |
| 8:39 | Queue | Villager (Male) |
| 9:09 | Queue | Villager (Male) |
| 9:15 | Build | Lumber Camp |
| 9:25 | Build | Mining Camp |
| 9:33 | Queue | Villager (Male) |
| 9:36 | Build | Barracks |
| 10:07 | Research | Feudal Age |
| 10:08 | Research | Feudal Age |
| 10:08 | Research | Feudal Age |
| 11:03 | Build | House |
| 11:29 | Queue | Villager (Male) |
| 12:17 | Age | Feudal Age |
| 12:19 | Build | Stable |
| 12:21 | Queue | Villager (Male) |
| 12:47 | Build | Lumber Camp |
| 12:48 | Queue | Scout Cavalry |
| 12:48 | Queue | Scout Cavalry |
| 12:49 | Queue | Scout Cavalry |
| 12:53 | Queue | Villager (Male) |
| 13:13 | Build | House |
| 13:17 | Build | Palisade Wall |
| 13:19 | Build | Palisade Wall |
| 13:24 | Queue | Scout Cavalry |
| 13:27 | Queue | Spearman |
| 13:29 | Queue | Villager (Male) |
| 13:37 | Build | House |
| 13:46 | Research | Double-Bit Axe |
| 13:54 | Queue | Villager (Male) |
| 14:00 | Research | Horse Collar |
| 14:04 | Build | House |
| 14:05 | Queue | Scout Cavalry |
| 14:10 | Queue | Villager (Male) |
| 14:24 | Build | Palisade Wall |
| 14:27 | Build | Palisade Wall |
| 14:31 | Queue | Scout Cavalry |
| 14:49 | Queue | Villager (Male) |
| 14:58 | Build | Mining Camp |
| 15:04 | Build | House |
| 15:10 | Build | Palisade Wall |
| 15:11 | Build | Palisade Wall |
| 15:13 | Queue | Scout Cavalry |
| 15:19 | Queue | Villager (Male) |
| 15:42 | Queue | Scout Cavalry |
| 15:52 | Queue | Villager (Male) |
| 16:03 | Build | Palisade Wall |
| 16:07 | Queue | Villager (Male) |
| 16:15 | Build | House |
| 16:19 | Queue | Scout Cavalry |
| 16:59 | Queue | Villager (Male) |
| 17:01 | Build | Market |
| 17:19 | Queue | Villager (Male) |
| 17:40 | Build | House |
| 17:41 | Build | Palisade Wall |
| 17:57 | Queue | Villager (Male) |
| 18:01 | Build | Farm |
| 18:04 | Build | Farm |
| 18:42 | Build | Farm |
| 18:48 | Research | Castle Age |
| 18:48 | Research | Castle Age |
| 20:17 | Build | Farm |
| 20:23 | Build | Blacksmith |
| 20:30 | Build | Farm |
| 21:05 | Research | Fletching |
| 21:06 | Research | Fletching |
| 21:06 | Research | Gold Mining |
| 21:06 | Research | Gold Mining |
| 21:07 | Research | Gold Mining |
| 21:28 | Age | Castle Age |
| 21:32 | Queue | Villager (Male) |
| 21:45 | Build | Castle |
| 21:53 | Queue | Villager (Male) |
| 22:05 | Queue | Villager (Male) |
| 22:46 | Queue | Mangudai |
| 23:21 | Queue | Villager (Male) |
| 23:23 | Build | Town Center |
| 23:34 | Queue | Villager (Male) |
| 23:39 | Queue | Mangudai |
| 23:44 | Research | Bow Saw |
| 23:44 | Research | Bow Saw |
| 23:49 | Queue | Villager (Male) |
| 23:52 | Build | Mining Camp |
| 24:11 | Queue | Mangudai |
| 24:13 | Queue | Villager (Male) |
| 24:41 | Queue | Villager (Male) |
| 24:46 | Queue | Mangudai |
| 24:46 | Queue | Mangudai |
| 24:46 | Queue | Mangudai |
| 24:48 | Queue | Villager (Male) |
| 24:49 | Queue | Villager (Male) |
| 25:05 | Build | Palisade Wall |
| 25:08 | Build | House |
| 25:10 | Queue | Villager (Male) |
| 25:20 | Build | Town Center |
| 25:29 | Queue | Mangudai |
| 25:41 | Queue | Villager (Male) |
| 25:43 | Queue | Mangudai |
| 25:49 | Build | Palisade Wall |
| 25:54 | Queue | Mangudai |
| 25:59 | Research | Bodkin Arrow |
| 26:00 | Research | Bodkin Arrow |
| 26:01 | Queue | Villager (Male) |
| 26:02 | Queue | Villager (Male) |
| 26:12 | Build | Farm |
| 26:13 | Build | Farm |
| 26:29 | Build | University |
| 26:36 | Queue | Mangudai |
| 26:44 | Queue | Mangudai |
| 26:50 | Queue | Villager (Male) |
| 27:05 | Queue | Mangudai |
| 27:07 | Queue | Villager (Male) |
| 27:08 | Queue | Villager (Male) |
| 27:08 | Queue | Villager (Male) |
| 27:21 | Build | Farm |
| 27:23 | Build | Farm |
| 27:24 | Build | Farm |
| 27:37 | Build | House |
| 27:44 | Research | Ballistics |
| 27:53 | Queue | Villager (Male) |
| 27:54 | Queue | Villager (Male) |
| 28:02 | Build | Farm |
| 28:04 | Build | Farm |
| 28:06 | Queue | Villager (Male) |
Build order — tsoul
First 150 of 182 actions detected
| 0:18 | Build | Town Center |
| 2:15 | Build | House |
| 2:22 | Queue | Villager (Male) |
| 2:22 | Queue | Villager (Male) |
| 2:23 | Queue | Villager (Male) |
| 2:27 | Queue | Villager (Male) |
| 3:18 | Queue | Villager (Male) |
| 3:28 | Build | House |
| 3:42 | Build | House |
| 3:56 | Queue | Villager (Male) |
| 4:00 | Build | Lumber Camp |
| 4:30 | Build | House |
| 4:34 | Queue | Villager (Male) |
| 5:02 | Queue | Villager (Male) |
| 5:06 | Queue | Villager (Male) |
| 5:45 | Build | House |
| 5:52 | Queue | Villager (Male) |
| 5:57 | Build | House |
| 6:06 | Queue | Villager (Male) |
| 6:40 | Build | House |
| 6:45 | Queue | Villager (Male) |
| 6:45 | Queue | Villager (Male) |
| 7:14 | Build | Mill |
| 7:39 | Queue | Villager (Male) |
| 7:54 | Queue | Villager (Male) |
| 8:17 | Build | House |
| 8:34 | Queue | Villager (Male) |
| 8:36 | Build | Mining Camp |
| 8:51 | Queue | Villager (Male) |
| 9:22 | Queue | Villager (Male) |
| 10:03 | Queue | Villager (Male) |
| 10:17 | Research | Feudal Age |
| 10:23 | Queue | Villager (Male) |
| 10:25 | Queue | Villager (Male) |
| 10:25 | Research | Feudal Age |
| 11:10 | Build | House |
| 12:30 | Build | Barracks |
| 12:33 | Queue | Villager (Male) |
| 12:34 | Queue | Villager (Male) |
| 12:40 | Build | House |
| 12:58 | Build | House |
| 13:28 | Age | Feudal Age |
| 13:29 | Build | Archery Range |
| 13:31 | Build | Blacksmith |
| 13:34 | Build | Archery Range |
| 14:15 | Research | Castle Age |
| 14:15 | Research | Castle Age |
| 14:21 | Research | Double-Bit Axe |
| 14:22 | Research | Fletching |
| 14:22 | Research | Fletching |
| 15:16 | Build | Stable |
| 15:23 | Build | House |
| 15:24 | Build | House |
| 15:29 | Build | House |
| 15:31 | Build | House |
| 15:57 | Research | Bloodlines |
| 16:00 | Queue | Villager (Male) |
| 16:14 | Build | House |
| 16:16 | Build | Palisade Wall |
| 16:34 | Research | Loom |
| 16:35 | Queue | Villager (Male) |
| 16:44 | Build | Palisade Wall |
| 16:53 | Build | House |
| 16:58 | Age | Castle Age |
| 16:59 | Queue | Cavalry Archer |
| 17:00 | Queue | Cavalry Archer |
| 17:00 | Queue | Cavalry Archer |
| 17:05 | Research | Bodkin Arrow |
| 17:06 | Research | Bodkin Arrow |
| 17:06 | Queue | Villager (Male) |
| 17:38 | Build | Archery Range |
| 17:45 | Build | House |
| 17:48 | Queue | Cavalry Archer |
| 17:51 | Queue | Villager (Male) |
| 17:54 | Queue | Villager (Male) |
| 18:01 | Build | University |
| 18:15 | Queue | Villager (Male) |
| 18:20 | Build | House |
| 18:25 | Queue | Cavalry Archer |
| 18:49 | Queue | Cavalry Archer |
| 18:49 | Queue | Cavalry Archer |
| 18:55 | Queue | Cavalry Archer |
| 19:06 | Build | Palisade Wall |
| 19:09 | Research | Husbandry |
| 19:12 | Queue | Cavalry Archer |
| 19:13 | Queue | Cavalry Archer |
| 19:55 | Research | Ballistics |
| 20:05 | Queue | Villager (Male) |
| 20:28 | Queue | Cavalry Archer |
| 20:28 | Queue | Cavalry Archer |
| 20:31 | Queue | Villager (Male) |
| 20:39 | Build | House |
| 20:40 | Build | House |
| 20:42 | Build | House |
| 20:44 | Build | House |
| 20:48 | Build | Palisade Wall |
| 21:24 | Queue | Cavalry Archer |
| 21:24 | Queue | Cavalry Archer |
| 21:25 | Queue | Cavalry Archer |
| 21:35 | Queue | Cavalry Archer |
| 21:35 | Queue | Cavalry Archer |
| 21:35 | Queue | Cavalry Archer |
| 21:47 | Queue | Villager (Male) |
| 22:09 | Queue | Cavalry Archer |
| 22:09 | Queue | Cavalry Archer |
| 22:20 | Build | Farm |
| 22:21 | Build | Farm |
| 22:26 | Queue | Cavalry Archer |
| 22:51 | Queue | Cavalry Archer |
| 22:52 | Queue | Cavalry Archer |
| 22:52 | Queue | Cavalry Archer |
| 22:54 | Queue | Villager (Male) |
| 22:58 | Build | House |
| 22:59 | Build | House |
| 23:18 | Queue | Villager (Male) |
| 23:19 | Queue | Cavalry Archer |
| 23:19 | Queue | Cavalry Archer |
| 23:27 | Build | Archery Range |
| 23:29 | Queue | Cavalry Archer |
| 23:29 | Queue | Cavalry Archer |
| 23:58 | Queue | Cavalry Archer |
| 23:59 | Queue | Cavalry Archer |
| 23:59 | Queue | Cavalry Archer |
| 24:03 | Build | House |
| 24:05 | Build | Palisade Wall |
| 24:20 | Queue | Archer |
| 24:21 | Queue | Villager (Male) |
| 24:23 | Queue | Villager (Male) |
| 24:24 | Queue | Villager (Male) |
| 24:26 | Queue | Cavalry Archer |
| 25:14 | Build | Town Center |
| 25:24 | Queue | Cavalry Archer |
| 25:25 | Queue | Cavalry Archer |
| 25:38 | Queue | Cavalry Archer |
| 27:03 | Queue | Cavalry Archer |
| 27:18 | Queue | Cavalry Archer |
| 27:18 | Queue | Cavalry Archer |
| 27:21 | Research | Padded Archer Armor |
| 27:21 | Research | Padded Archer Armor |
| 27:52 | Research | Thumb Ring |
| 27:52 | Research | Thumb Ring |
| 27:54 | Queue | Cavalry Archer |
| 27:54 | Queue | Cavalry Archer |
| 27:54 | Queue | Cavalry Archer |
| 28:26 | Queue | Cavalry Archer |
| 28:26 | Queue | Cavalry Archer |
| 28:26 | Queue | Cavalry Archer |
| 28:38 | Queue | Cavalry Archer |
| 28:39 | Queue | Villager (Male) |
| 28:41 | Queue | Villager (Male) |
Build order — _
First 150 of 241 actions detected
| 0:24 | Build | Town Center |
| 2:49 | Queue | Villager (Male) |
| 2:49 | Queue | Villager (Male) |
| 2:59 | Queue | Villager (Male) |
| 3:19 | Research | Loom |
| 3:38 | Build | House |
| 3:47 | Build | House |
| 4:04 | Queue | Villager (Male) |
| 4:04 | Queue | Villager (Male) |
| 4:04 | Queue | Villager (Male) |
| 4:05 | Queue | Villager (Male) |
| 4:34 | Build | House |
| 5:06 | Queue | Villager (Male) |
| 5:07 | Queue | Villager (Male) |
| 5:39 | Build | House |
| 5:51 | Queue | Villager (Male) |
| 6:41 | Queue | Villager (Male) |
| 6:42 | Queue | Villager (Male) |
| 6:48 | Build | House |
| 6:58 | Build | House |
| 7:08 | Queue | Villager (Male) |
| 7:08 | Queue | Villager (Male) |
| 7:08 | Queue | Villager (Male) |
| 7:29 | Queue | Villager (Male) |
| 7:30 | Queue | Villager (Male) |
| 8:21 | Build | House |
| 8:37 | Queue | Villager (Male) |
| 8:59 | Queue | Villager (Male) |
| 9:54 | Queue | Villager (Male) |
| 10:46 | Queue | Villager (Male) |
| 11:00 | Build | Lumber Camp |
| 11:13 | Queue | Villager (Male) |
| 11:20 | Queue | Villager (Male) |
| 11:23 | Research | Feudal Age |
| 13:24 | Queue | Villager (Male) |
| 13:28 | Queue | Villager (Male) |
| 13:48 | Age | Feudal Age |
| 14:25 | Queue | Villager (Male) |
| 14:41 | Queue | Villager (Male) |
| 15:14 | Queue | Villager (Male) |
| 15:37 | Queue | Villager (Male) |
| 16:12 | Queue | Villager (Male) |
| 16:24 | Build | House |
| 16:52 | Queue | Villager (Male) |
| 17:30 | Research | Castle Age |
| 17:30 | Research | Castle Age |
| 17:48 | Research | Double-Bit Axe |
| 17:48 | Research | Double-Bit Axe |
| 20:10 | Age | Castle Age |
| 20:10 | Queue | Villager (Male) |
| 20:14 | Build | Town Center |
| 20:26 | Build | Town Center |
| 20:30 | Queue | Villager (Male) |
| 20:32 | Research | Bow Saw |
| 20:40 | Queue | Villager (Male) |
| 20:42 | Queue | Villager (Male) |
| 20:50 | Queue | Villager (Male) |
| 21:03 | Queue | Villager (Male) |
| 21:18 | Queue | Villager (Male) |
| 21:20 | Build | Farm |
| 21:34 | Queue | Villager (Male) |
| 21:37 | Queue | Villager (Male) |
| 21:41 | Build | Farm |
| 21:50 | Build | Farm |
| 22:07 | Build | Mill |
| 22:14 | Queue | Villager (Male) |
| 22:15 | Queue | Villager (Male) |
| 22:26 | Queue | Villager (Male) |
| 22:50 | Build | House |
| 22:52 | Queue | Villager (Male) |
| 22:53 | Queue | Villager (Male) |
| 22:53 | Queue | Villager (Male) |
| 22:55 | Build | House |
| 23:00 | Queue | Villager (Male) |
| 23:00 | Queue | Villager (Male) |
| 23:19 | Queue | Villager (Male) |
| 23:23 | Queue | Villager (Male) |
| 23:23 | Queue | Villager (Male) |
| 23:33 | Queue | Villager (Male) |
| 23:33 | Queue | Villager (Male) |
| 23:37 | Queue | Villager (Male) |
| 23:55 | Research | Horse Collar |
| 24:12 | Queue | Villager (Male) |
| 24:13 | Build | House |
| 24:15 | Build | House |
| 24:17 | Queue | Villager (Male) |
| 24:22 | Queue | Villager (Male) |
| 24:23 | Queue | Villager (Male) |
| 24:23 | Queue | Villager (Male) |
| 24:24 | Queue | Villager (Male) |
| 24:26 | Build | Town Center |
| 24:38 | Queue | Villager (Male) |
| 24:49 | Build | House |
| 25:01 | Queue | Villager (Male) |
| 25:18 | Build | Farm |
| 25:21 | Queue | Villager (Male) |
| 25:25 | Queue | Villager (Male) |
| 25:29 | Research | Town Watch |
| 25:37 | Build | Farm |
| 25:38 | Build | Farm |
| 25:47 | Queue | Villager (Male) |
| 25:50 | Build | Farm |
| 25:54 | Queue | Villager (Male) |
| 25:54 | Queue | Villager (Male) |
| 26:04 | Build | Farm |
| 26:06 | Queue | Villager (Male) |
| 26:06 | Queue | Villager (Male) |
| 26:19 | Queue | Villager (Male) |
| 26:30 | Queue | Villager (Male) |
| 26:31 | Queue | Villager (Male) |
| 26:41 | Queue | Villager (Male) |
| 26:42 | Queue | Villager (Male) |
| 26:45 | Build | Town Center |
| 27:04 | Build | Farm |
| 27:06 | Build | Farm |
| 27:07 | Build | Farm |
| 27:24 | Queue | Villager (Male) |
| 27:28 | Queue | Villager (Male) |
| 27:29 | Queue | Villager (Male) |
| 27:38 | Build | Town Center |
| 28:07 | Build | Siege Workshop |
| 28:12 | Queue | Villager (Male) |
| 28:14 | Queue | Villager (Male) |
| 28:15 | Queue | Villager (Male) |
| 28:15 | Queue | Villager (Male) |
| 28:17 | Build | Farm |
| 28:21 | Build | Farm |
| 28:38 | Build | Farm |
| 28:43 | Queue | Villager (Male) |
| 28:46 | Queue | Villager (Male) |
| 28:47 | Queue | Villager (Male) |
| 29:11 | Queue | Villager (Male) |
| 29:12 | Queue | Villager (Male) |
| 29:13 | Queue | Villager (Male) |
| 29:13 | Queue | Villager (Male) |
| 29:14 | Build | Farm |
| 29:18 | Queue | Scorpion |
| 29:18 | Queue | Scorpion |
| 29:23 | Queue | Villager (Male) |
| 29:32 | Build | Town Center |
| 29:42 | Queue | Villager (Male) |
| 29:45 | Queue | Villager (Male) |
| 29:45 | Queue | Villager (Male) |
| 29:46 | Queue | Villager (Male) |
| 29:49 | Build | Farm |
| 29:56 | Queue | Scorpion |
| 29:59 | Build | Farm |
| 30:01 | Build | Farm |
| 30:07 | Queue | Villager (Male) |
| 30:08 | Queue | Villager (Male) |
Build order — Rojo, el camionero.
48 actions detected in the replay
| 0:27 | Build | Town Center |
| 0:40 | Build | House |
| 0:50 | Build | House |
| 2:28 | Queue | Villager (Male) |
| 2:28 | Queue | Villager (Male) |
| 2:28 | Queue | Villager (Male) |
| 2:31 | Queue | Villager (Male) |
| 3:48 | Queue | Villager (Male) |
| 4:14 | Queue | Villager (Male) |
| 4:14 | Queue | Villager (Male) |
| 4:31 | Queue | Villager (Male) |
| 5:10 | Queue | Villager (Male) |
| 5:11 | Queue | Villager (Male) |
| 5:21 | Build | Lumber Camp |
| 5:28 | Queue | Villager (Male) |
| 5:38 | Queue | Villager (Male) |
| 5:53 | Queue | Villager (Male) |
| 6:34 | Build | House |
| 6:41 | Queue | Villager (Male) |
| 6:41 | Queue | Villager (Male) |
| 7:03 | Build | House |
| 7:21 | Queue | Villager (Male) |
| 7:46 | Build | Mill |
| 8:10 | Queue | Villager (Male) |
| 8:42 | Queue | Villager (Male) |
| 9:00 | Build | Mill |
| 9:10 | Queue | Villager (Male) |
| 9:13 | Queue | Villager (Male) |
| 9:22 | Research | Loom |
| 10:51 | Queue | Villager (Male) |
| 10:52 | Queue | Villager (Male) |
| 10:52 | Queue | Villager (Male) |
| 11:10 | Queue | Villager (Male) |
| 11:10 | Queue | Villager (Male) |
| 12:09 | Queue | Villager (Male) |
| 12:09 | Queue | Villager (Male) |
| 13:07 | Build | House |
| 13:09 | Build | House |
| 13:14 | Build | House |
| 13:33 | Build | Mill |
| 13:49 | Queue | Villager (Male) |
| 14:06 | Build | House |
| 14:15 | Queue | Villager (Male) |
| 14:39 | Queue | Villager (Male) |
| 15:05 | Research | Feudal Age |
| 15:59 | Build | House |
| 16:06 | Queue | Villager (Male) |
| 16:10 | Queue | Villager (Male) |
Build order — 祈求好运
56 actions detected in the replay
| 0:07 | Build | Town Center |
| 2:36 | Queue | Villager (Male) |
| 2:36 | Queue | Villager (Male) |
| 2:36 | Queue | Villager (Male) |
| 2:36 | Queue | Villager (Male) |
| 2:41 | Build | House |
| 2:49 | Queue | Villager (Male) |
| 2:50 | Queue | Villager (Male) |
| 4:18 | Queue | Villager (Male) |
| 4:18 | Queue | Villager (Male) |
| 4:31 | Build | House |
| 4:55 | Build | Lumber Camp |
| 5:11 | Queue | Villager (Male) |
| 5:19 | Queue | Villager (Male) |
| 5:40 | Queue | Villager (Male) |
| 6:01 | Build | House |
| 6:10 | Queue | Villager (Male) |
| 6:10 | Queue | Villager (Male) |
| 7:03 | Queue | Villager (Male) |
| 7:09 | Queue | Villager (Male) |
| 8:12 | Research | Loom |
| 8:15 | Build | House |
| 8:44 | Build | Town Center |
| 9:29 | Queue | Villager (Male) |
| 9:29 | Queue | Villager (Male) |
| 9:29 | Queue | Villager (Male) |
| 9:30 | Queue | Villager (Male) |
| 9:30 | Queue | Villager (Male) |
| 9:59 | Build | Mill |
| 10:33 | Build | Palisade Wall |
| 10:36 | Build | Palisade Wall |
| 10:38 | Build | Palisade Wall |
| 10:43 | Build | House |
| 10:51 | Build | Palisade Wall |
| 10:53 | Build | Palisade Wall |
| 11:41 | Queue | Villager (Male) |
| 11:41 | Queue | Villager (Male) |
| 11:41 | Queue | Villager (Male) |
| 11:45 | Build | House |
| 12:15 | Queue | Villager (Male) |
| 12:35 | Queue | Villager (Male) |
| 13:09 | Build | Mill |
| 13:14 | Queue | Villager (Male) |
| 14:12 | Queue | Villager (Male) |
| 14:30 | Queue | Villager (Male) |
| 15:06 | Queue | Villager (Male) |
| 15:06 | Queue | Villager (Male) |
| 15:46 | Queue | Villager (Male) |
| 15:59 | Queue | Villager (Male) |
| 16:22 | Build | Farm |
| 16:51 | Queue | Villager (Male) |
| 16:57 | Build | Farm |
| 16:58 | Build | Farm |
| 16:59 | Build | Farm |
| 17:00 | Build | Farm |
| 17:00 | Build | Farm |
Build order — DKDFCD
First 150 of 332 actions detected
| 0:11 | Build | Town Center |
| 2:04 | Build | House |
| 2:19 | Queue | Villager (Male) |
| 2:19 | Queue | Villager (Male) |
| 2:45 | Research | Loom |
| 2:45 | Research | Loom |
| 2:47 | Queue | Villager (Male) |
| 2:47 | Queue | Villager (Male) |
| 2:47 | Queue | Villager (Male) |
| 2:48 | Queue | Villager (Male) |
| 2:56 | Build | House |
| 3:21 | Queue | Villager (Male) |
| 3:21 | Queue | Villager (Male) |
| 3:46 | Queue | Villager (Male) |
| 3:47 | Queue | Villager (Male) |
| 4:12 | Queue | Villager (Male) |
| 4:12 | Queue | Villager (Male) |
| 4:48 | Queue | Villager (Male) |
| 4:48 | Queue | Villager (Male) |
| 5:03 | Build | Lumber Camp |
| 5:25 | Queue | Villager (Male) |
| 5:26 | Queue | Villager (Male) |
| 5:26 | Queue | Villager (Male) |
| 5:43 | Queue | Villager (Male) |
| 5:44 | Queue | Villager (Male) |
| 5:52 | Build | House |
| 6:02 | Build | House |
| 6:10 | Queue | Villager (Male) |
| 6:10 | Queue | Villager (Male) |
| 6:43 | Queue | Villager (Male) |
| 6:44 | Queue | Villager (Male) |
| 7:08 | Queue | Villager (Male) |
| 7:08 | Queue | Villager (Male) |
| 8:26 | Build | Mill |
| 8:58 | Research | Feudal Age |
| 8:59 | Research | Feudal Age |
| 10:00 | Queue | Villager (Male) |
| 10:00 | Queue | Villager (Male) |
| 10:58 | Build | Barracks |
| 11:10 | Age | Feudal Age |
| 11:41 | Queue | Villager (Male) |
| 11:58 | Build | Stable |
| 12:08 | Queue | Villager (Male) |
| 12:15 | Queue | Villager (Male) |
| 12:18 | Research | Town Watch |
| 12:19 | Research | Town Watch |
| 12:19 | Queue | Villager (Male) |
| 12:24 | Research | Double-Bit Axe |
| 12:24 | Research | Double-Bit Axe |
| 12:34 | Queue | Scout Cavalry |
| 12:35 | Queue | Scout Cavalry |
| 12:49 | Build | House |
| 12:51 | Build | House |
| 12:57 | Queue | Villager (Male) |
| 12:57 | Queue | Villager (Male) |
| 13:10 | Queue | Scout Cavalry |
| 13:37 | Queue | Scout Cavalry |
| 13:51 | Queue | Villager (Male) |
| 13:57 | Build | Blacksmith |
| 14:03 | Queue | Scout Cavalry |
| 14:04 | Queue | Villager (Male) |
| 14:33 | Build | House |
| 14:34 | Build | House |
| 14:45 | Queue | Scout Cavalry |
| 14:46 | Queue | Scout Cavalry |
| 14:48 | Research | Forging |
| 14:48 | Research | Forging |
| 14:52 | Queue | Villager (Male) |
| 14:53 | Queue | Villager (Male) |
| 14:55 | Research | Wheelbarrow |
| 14:55 | Research | Wheelbarrow |
| 14:57 | Queue | Villager (Male) |
| 15:28 | Research | Scale Barding Armor |
| 15:32 | Queue | Villager (Male) |
| 15:35 | Queue | Scout Cavalry |
| 15:35 | Queue | Scout Cavalry |
| 15:54 | Queue | Villager (Male) |
| 15:58 | Build | Mill |
| 16:08 | Queue | Scout Cavalry |
| 16:14 | Build | Mill |
| 16:19 | Queue | Villager (Male) |
| 16:45 | Queue | Villager (Male) |
| 16:49 | Build | Mining Camp |
| 17:05 | Queue | Villager (Male) |
| 17:10 | Build | Farm |
| 17:11 | Build | Farm |
| 17:12 | Build | Farm |
| 17:20 | Research | Horse Collar |
| 17:21 | Research | Horse Collar |
| 17:21 | Queue | Villager (Male) |
| 17:23 | Queue | Scout Cavalry |
| 17:23 | Queue | Scout Cavalry |
| 17:43 | Build | Farm |
| 17:58 | Queue | Villager (Male) |
| 18:12 | Build | Farm |
| 18:16 | Research | Bloodlines |
| 18:16 | Research | Bloodlines |
| 18:31 | Queue | Villager (Male) |
| 18:31 | Queue | Villager (Male) |
| 18:37 | Build | Farm |
| 18:39 | Build | Farm |
| 18:52 | Queue | Villager (Male) |
| 19:33 | Build | Market |
| 19:50 | Queue | Villager (Male) |
| 20:00 | Build | House |
| 20:01 | Build | House |
| 20:02 | Build | House |
| 20:11 | Queue | Villager (Male) |
| 20:20 | Research | Castle Age |
| 20:20 | Research | Castle Age |
| 20:48 | Research | Gold Mining |
| 20:49 | Research | Gold Mining |
| 21:11 | Queue | Villager (Male) |
| 21:11 | Queue | Villager (Male) |
| 23:02 | Age | Castle Age |
| 23:05 | Research | Bow Saw |
| 23:06 | Research | Bow Saw |
| 23:06 | Queue | Villager (Male) |
| 23:06 | Queue | Villager (Male) |
| 23:11 | Research | Husbandry |
| 23:18 | Build | Town Center |
| 23:40 | Build | Town Center |
| 23:52 | Queue | Villager (Male) |
| 23:53 | Research | Heavy Plow |
| 23:53 | Research | Heavy Plow |
| 23:58 | Research | Stone Mining |
| 24:11 | Queue | Villager (Male) |
| 24:35 | Build | Town Center |
| 24:50 | Queue | Villager (Male) |
| 24:50 | Queue | Villager (Male) |
| 24:50 | Queue | Villager (Male) |
| 24:52 | Queue | Villager (Male) |
| 24:52 | Queue | Villager (Male) |
| 24:52 | Queue | Villager (Male) |
| 25:01 | Build | Lumber Camp |
| 25:09 | Queue | Villager (Male) |
| 25:09 | Queue | Villager (Male) |
| 25:12 | Build | Farm |
| 25:18 | Queue | Villager (Male) |
| 25:19 | Queue | Villager (Male) |
| 25:19 | Queue | Villager (Male) |
| 25:19 | Queue | Villager (Male) |
| 25:19 | Queue | Villager (Male) |
| 25:20 | Queue | Villager (Male) |
| 25:20 | Queue | Villager (Male) |
| 25:20 | Queue | Villager (Male) |
| 25:20 | Queue | Villager (Male) |
| 25:21 | Queue | Villager (Male) |
| 25:27 | Queue | Villager (Male) |
| 25:28 | Queue | Villager (Male) |
Build order — 昙花生
111 actions detected in the replay
| 0:08 | Build | House |
| 0:15 | Build | Town Center |
| 2:46 | Queue | Villager (Male) ×4 |
| 2:46 | Queue | Villager (Male) ×4 |
| 4:23 | Build | House |
| 4:26 | Queue | Villager (Male) |
| 4:26 | Queue | Villager (Male) |
| 4:41 | Build | House |
| 4:44 | Queue | Villager (Male) |
| 4:54 | Queue | Villager (Male) |
| 5:40 | Queue | Villager (Male) |
| 5:40 | Queue | Villager (Male) |
| 5:41 | Queue | Villager (Male) |
| 5:43 | Build | Palisade Wall |
| 5:59 | Queue | Villager (Male) |
| 6:05 | Build | House |
| 6:32 | Build | Mill |
| 6:53 | Queue | Villager (Male) |
| 6:53 | Queue | Villager (Male) |
| 6:54 | Queue | Villager (Male) |
| 7:13 | Build | House |
| 7:18 | Build | Palisade Wall |
| 7:22 | Build | House |
| 7:37 | Build | House |
| 7:50 | Build | House |
| 7:56 | Queue | Villager (Male) |
| 7:56 | Queue | Villager (Male) |
| 7:56 | Queue | Villager (Male) |
| 7:57 | Queue | Villager (Male) |
| 8:20 | Build | House |
| 8:26 | Build | House |
| 9:39 | Queue | Villager (Male) |
| 9:56 | Build | Lumber Camp |
| 10:03 | Research | Loom |
| 10:03 | Queue | Villager (Male) |
| 10:31 | Research | Feudal Age |
| 10:31 | Research | Feudal Age |
| 10:41 | Build | Mining Camp |
| 12:20 | Queue | Villager (Male) |
| 12:41 | Age | Feudal Age |
| 12:44 | Build | Market |
| 13:01 | Queue | Villager (Male) |
| 13:22 | Queue | Villager (Male) |
| 13:46 | Build | Blacksmith |
| 13:55 | Queue | Villager (Male) |
| 14:17 | Research | Castle Age |
| 14:21 | Research | Double-Bit Axe |
| 14:21 | Research | Double-Bit Axe |
| 14:32 | Build | House |
| 14:36 | Build | Palisade Wall |
| 14:58 | Research | Horse Collar |
| 14:59 | Research | Horse Collar |
| 15:28 | Build | Palisade Wall |
| 15:54 | Research | Stone Mining |
| 16:37 | Research | Town Watch |
| 17:01 | Age | Castle Age |
| 17:07 | Queue | Villager (Male) |
| 17:46 | Queue | Villager (Male) |
| 17:48 | Build | Farm |
| 17:49 | Build | Farm |
| 17:52 | Build | Farm |
| 18:08 | Build | Castle |
| 18:48 | Queue | Villager (Male) |
| 19:10 | Queue | Villager (Male) |
| 19:14 | Build | Farm |
| 19:15 | Build | Farm |
| 19:16 | Build | Farm |
| 19:36 | Build | Farm |
| 19:37 | Build | Farm |
| 19:40 | Queue | Villager (Male) |
| 19:54 | Build | Farm |
| 19:57 | Research | Wheelbarrow |
| 19:57 | Research | Wheelbarrow |
| 20:04 | Build | House |
| 20:05 | Build | House |
| 20:06 | Build | House |
| 20:25 | Queue | Magyar Huszar |
| 20:34 | Build | Palisade Wall |
| 20:37 | Build | Palisade Wall |
| 20:46 | Queue | Villager (Male) |
| 20:50 | Build | Farm |
| 21:35 | Queue | Villager (Male) |
| 22:04 | Build | Town Center |
| 22:06 | Research | Corvinian Army |
| 22:12 | Queue | Villager (Male) |
| 22:26 | Build | Town Center |
| 22:48 | Queue | Villager (Male) |
| 22:50 | Queue | Magyar Huszar |
| 23:03 | Queue | Magyar Huszar |
| 23:30 | Queue | Magyar Huszar |
| 23:42 | Queue | Villager (Male) |
| 24:05 | Queue | Villager (Male) |
| 24:09 | Build | Farm |
| 24:11 | Build | Farm |
| 24:12 | Build | Farm |
| 24:13 | Build | Farm |
| 24:14 | Build | Farm |
| 24:23 | Queue | Villager (Male) |
| 24:30 | Queue | Villager (Male) |
| 24:40 | Build | Mill |
| 24:45 | Queue | Villager (Male) |
| 24:51 | Queue | Villager (Male) |
| 24:59 | Build | Farm |
| 25:01 | Build | Farm |
| 25:09 | Queue | Magyar Huszar |
| 25:16 | Queue | Villager (Male) |
| 25:18 | Build | Farm |
| 25:31 | Queue | Magyar Huszar |
| 25:38 | Queue | Villager (Male) |
| 25:54 | Queue | Magyar Huszar |
| 25:55 | Queue | Villager (Male) |
Match timeline
| 5:43 | 昙花生 · wall_segment Palisade Wall x1 |
| 7:18 | 昙花生 · wall_segment Palisade Wall x1 |
| 9:36 | tigerdownhill_ · first_building Barracks |
| 10:33 | 祈求好运 · wall_segment Palisade Wall x1 |
| 10:36 | 祈求好运 · wall_segment Palisade Wall x1 |
| 10:38 | 祈求好运 · wall_segment Palisade Wall x1 |
| 10:50 | Bohe · first_building Barracks |
| 10:51 | 祈求好运 · wall_segment Palisade Wall x1 |
| 10:53 | 祈求好运 · wall_segment Palisade Wall x1 |
| 10:58 | DKDFCD · first_building Barracks |
| 11:10 | DKDFCD · age_up feudal |
| 11:51 | Bohe · age_up feudal |
| 11:58 | DKDFCD · first_building Stable |
| 12:17 | tigerdownhill_ · age_up feudal |
| 12:19 | tigerdownhill_ · first_building Stable |
| 12:26 | Bohe · first_building Stable |
| 12:30 | tsoul · first_building Barracks |
| 12:41 | 昙花生 · age_up feudal |
| 13:13 | Bohe · wall_segment Palisade Wall x1 |
| 13:17 | tigerdownhill_ · wall_segment Palisade Wall x4 |
| 13:19 | tigerdownhill_ · wall_segment Palisade Wall x3 |
| 13:28 | tsoul · age_up feudal |
| 13:29 | tsoul · first_building Archery Range |
| 13:48 | _ · age_up feudal |
| 14:24 | tigerdownhill_ · wall_segment Palisade Wall x8 |
| 14:27 | tigerdownhill_ · wall_segment Palisade Wall x1 |
| 14:36 | 昙花生 · wall_segment Palisade Wall x5 |
| 15:10 | tigerdownhill_ · wall_segment Palisade Wall x7 |
| 15:11 | tigerdownhill_ · wall_segment Palisade Wall x1 |
| 15:16 | tsoul · first_building Stable |
| 15:28 | 昙花生 · wall_segment Palisade Wall x1 |
| 16:03 | tigerdownhill_ · wall_segment Palisade Wall x9 |
| 16:16 | tsoul · wall_segment Palisade Wall x1 |
| 16:44 | tsoul · wall_segment Palisade Wall x1 |
| 16:58 | tsoul · age_up castle |
| 17:01 | 昙花生 · age_up castle |
| 17:05 | Rojo, el camionero. · resign |
| 17:41 | tigerdownhill_ · wall_segment Palisade Wall x2 |
| 17:55 | tigerdownhill_ · first_market_buy 100 food |
| 18:08 | 昙花生 · first_building Castle |
| 19:06 | tsoul · wall_segment Palisade Wall x1 |
| 20:10 | _ · age_up castle |
| 20:18 | DKDFCD · first_market_sell 100 wood |
| 20:34 | 昙花生 · wall_segment Palisade Wall x4 |
| 20:37 | 昙花生 · wall_segment Palisade Wall x3 |
| 20:48 | tsoul · wall_segment Palisade Wall x1 |
| 21:28 | tigerdownhill_ · age_up castle |
| 21:45 | tigerdownhill_ · first_building Castle |
| 23:02 | DKDFCD · age_up castle |
| 24:05 | tsoul · wall_segment Palisade Wall x1 |
| 24:28 | DKDFCD · first_market_buy 100 stone |
| 25:05 | tigerdownhill_ · wall_segment Palisade Wall x1 |
| 25:49 | tigerdownhill_ · wall_segment Palisade Wall x1 |
| 28:07 | _ · first_building Siege Workshop |
| 29:54 | DKDFCD · first_building Monastery |
| 30:00 | DKDFCD · first_building Siege Workshop |
| 30:48 | tsoul · first_building Castle |
| 33:14 | _ · first_building Stable |
| 34:16 | DKDFCD · first_building Castle |
| 34:33 | Bohe · first_market_sell 100 wood |
| 34:35 | Bohe · first_market_buy 100 food |
| 34:57 | DKDFCD · age_up imperial |
[ AI ANALYSIS · 1 CREDIT ]
What really happened in this match?
Wolo.gg analyzes every decision: build order, eco, micro, common mistakes by bracket. Personalized analysis on WhatsApp or Discord in 30 seconds.
Civ guide
Magyars
Perfil
Jugador #2800935